[Event "ICC tourney 2541 (3 2)"]
[Site "Internet Chess Club"]
[Date "2021.04.30"]
[Round "3"]
[White "WILLY, STEPHEN:stephenwilly"]
[Black "ZILBERMINTZ, LEV:chessrex"]
[Result "1-0"]
[ICCResult "Black checkmated"]
[WhiteElo "1460"]
[BlackElo "1855"]
[Opening "Pirc defense"]
[ECO "B07"]
[NIC "PU.08"]
[Time "20:27:57"]
[PlyCount "123"]
[TimeControl "180+2"]

1. e4 d6 2. d4 Nf6 3. Nc3 Nbd7 4. f4 c5 5. d5 e6 6. Nf3 a6 7. a4 Qc7 8. Bc4
Nb6 9. Ba2 c4 10. O-O Be7 11. a5 Nbd7 12. Be3 exd5 13. Nxd5 Nxd5 14. Qxd5
Nf6 15. Qxc4 Qxc4 16. Bxc4 Nxe4 17. Rae1 f5 18. Bd4 Kf8 19. Bd3 d5 20. c4
Be6 21. cxd5 Bxd5 22. Ne5 Rd8 23. Bxe4 Bxe4 24. Bc3 Bf6 25. Rd1 Rxd1 26.
Rxd1 Ke7 27. Bb4+ Ke8 28. Rd7 Bxe5 29. Re7+ Kd8 30. fxe5 Re8 31. Rxg7 Rxe5
32. Rxh7 Rb5 33. Bc3 f4 34. Rh8+ Kd7 35. h4 f3 36. gxf3 Bxf3 37. Rf8 Bc6
38. Rf7+ Ke6 39. Rf6+ Ke7 40. Rh6 Be4 41. Kf2 Rf5+ 42. Kg3 Rf7 43. Rb6 Kf8
44. h5 Kg8 45. Kg4 Kh7 46. Kg5 Rf5+ 47. Kg4 Rf7 48. Rd6 Bf5+ 49. Kg5 Rd7
50. Rh6+ Kg8 51. Kxf5 Rf7+ 52. Kg6 Kf8 53. Bf6 Ke8 54. Rh8+ Rf8 55. Rxf8+
Kxf8 56. h6 Ke8 57. h7 Kd7 58. h8=Q Kc6 59. Qc8+ Kb5 60. Qxb7+ Kxa5 61.
Bc3+ Ka4 62. Qb4# { Black checkmated } 1-0

[Event "ICC tourney 2541 (3 2)"]
[Site "Internet Chess Club"]
[Date "2021.04.30"]
[Round "3"]
[White "CALVELO, JELVIS ARANDELA:JelvisCalvelo04"]
[Black "Aimdilokwong, Alec Daniel:Alec-hine"]
[Result "1-0"]
[ICCResult "Black checkmated"]
[WhiteElo "2081"]
[BlackElo "1666"]
[Opening "Grünfeld: modern exchange variation"]
[ECO "D90"]
[NIC "GI.07"]
[Time "20:28:08"]
[PlyCount "93"]
[TimeControl "180+2"]

1. c4 Nf6 2. Nc3 d5 3. d4 g6 4. Nf3 Bg7 5. cxd5 Nxd5 6. e4 Nxc3 7. bxc3 O-O
8. Bc4 c5 9. O-O Nc6 10. Bb2 Bg4 11. d5 Ne5 12. Be2 e6 13. Nxe5 Bxe2 14.
Qxe2 Bxe5 15. dxe6 fxe6 16. Qc4 Qe7 17. Rad1 Rad8 18. g3 a6 19. a4 Kh8 20.
Kg2 g5 21. Rd3 Rxd3 22. Qxd3 Rd8 23. Qe3 b6 24. Bc1 g4 25. Qg5 Qxg5 26.
Bxg5 Rd3 27. Rb1 Bc7 28. Bf6+ Kg8 29. c4 Kf7 30. e5 Rd4 31. a5 Rxc4 32.
axb6 Bb8 33. Rd1 Rb4 34. Rd7+ Kg6 35. Rb7 Bd6 36. exd6 Kxf6 37. Rb8 Rd4 38.
b7 Rxd6 39. Rf8+ Ke5 40. b8=Q c4 41. Rd8 c3 42. Qxd6+ Kf6 43. Rf8+ Kg5 44.
Qf4+ Kg6 45. Qf6+ Kh5 46. Rh8 h6 47. Rxh6# { Black checkmated } 1-0

[Event "ICC tourney 2541 (3 2)"]
[Site "Internet Chess Club"]
[Date "2021.04.30"]
[Round "3"]
[White "ERARD, ERIC CHRISTIAN:eric-erard"]
[Black "Zimmerman, Kevin:blackjack721"]
[Result "1-0"]
[ICCResult "Black checkmated"]
[WhiteElo "1695"]
[BlackElo "1359"]
[Opening "Ruy Lopez: Berlin defense, Beverwijk variation"]
[ECO "C65"]
[NIC "RL.07"]
[Time "20:28:01"]
[PlyCount "137"]
[TimeControl "180+2"]

1. e4 e5 2. Nf3 Nc6 3. Bb5 Nf6 4. O-O Bc5 5. Nc3 a6 6. Ba4 O-O 7. d3 Nd4 8.
Nxe5 d6 9. Nf3 Bg4 10. h3 Bxf3 11. gxf3 Nh5 12. Kh2 Qf6 13. f4 c6 14. Qxh5
Ne6 15. f5 Nd4 16. Bg5 Qe5+ 17. f4 Qe8 18. f6 Ne6 19. f5 Nxg5 20. Qxg5 g6
21. Qh6 Qe5+ 22. Rf4 Qxf6 23. fxg6 Qxg6 24. Rg4 Qxg4 25. hxg4 Rfe8 26. Kg2
Re6 27. Qg5+ Rg6 28. Qf5 Re8 29. Ne2 Be3 30. Rf1 Re7 31. Nf4 Bxf4 32. Qxf4
h5 33. g5 Kg7 34. Bb3 d5 35. exd5 Re2+ 36. Rf2 Rxf2+ 37. Kxf2 cxd5 38. Qe5+
Kh7 39. Bxd5 f6 40. Qe7+ Rg7 41. Qxf6 Kh8 42. Qf8+ Kh7 43. g6+ Kh6 44. Qh8+
Kxg6 45. Be4+ Kf6 46. Qf8+ Rf7 47. Qxf7+ Kxf7 48. Bxb7 a5 49. Bf3 h4 50.
Bg2 Kf6 51. Kf3 Kg5 52. Bh3 Kh5 53. d4 a4 54. d5 Kg5 55. b3 a3 56. d6 Kf6
57. d7 Ke7 58. Kg4 Kxd7 59. Kxh4+ Kc6 60. Bf5 Kc5 61. c4 Kb4 62. Kg3 Kc3
63. c5 Kb2 64. c6 Kxa2 65. c7 Kxb3 66. c8=Q a2 67. Qc2+ Ka3 68. Qc3+ Ka4
69. Bd7# { Black checkmated } 1-0

[Event "ICC tourney 2541 (3 2)"]
[Site "Internet Chess Club"]
[Date "2021.04.30"]
[Round "3"]
[White "HIBBS, ROBERT:BotanicalKnight"]
[Black "BROWN, MADISON:USChessNinja"]
[Result "1-0"]
[ICCResult "Black forfeits on time"]
[WhiteElo "1381"]
[BlackElo "1714"]
[Opening "Sicilian: closed"]
[ECO "B23"]
[NIC "SI.44"]
[Time "20:28:09"]
[PlyCount "89"]
[TimeControl "180+2"]

1. e4 c5 2. Nc3 d6 3. f4 Nf6 4. d3 g6 5. Nf3 Bg7 6. g3 O-O 7. Bg2 Nc6 8.
O-O d5 9. e5 Nd7 10. Nxd5 e6 11. Nc3 f6 12. exf6 Nxf6 13. a3 Nd5 14. Nxd5
exd5 15. Rb1 Bg4 16. h3 Be6 17. g4 Nd4 18. c3 Nxf3+ 19. Qxf3 d4 20. c4 a6
21. Qxb7 Rb8 22. Qf3 Be5 23. Qg3 Bd6 24. g5 Rb3 25. Be4 Bxc4 26. h4 Bxd3
27. Bd5+ Kh8 28. Bxb3 Bxf1 29. Bd2 c4 30. Rxf1 cxb3 31. Qxb3 Qc7 32. Qd5
Bxf4 33. Qxd4+ Kg8 34. Qd5+ Kh8 35. Bc3+ Qxc3 36. bxc3 Be3+ 37. Kg2 Rxf1
38. Kxf1 Bd2 39. Qxd2 Kg7 40. c4 Kf7 41. c5 Ke7 42. c6 Ke6 43. c7 Kf5 44.
c8=Q+ Ke4 45. Qcc3 { Black forfeits on time } 1-0

[Event "ICC tourney 2541 (3 2)"]
[Site "Internet Chess Club"]
[Date "2021.04.30"]
[Round "3"]
[White "BERKLEY, DARRIN K:drberkley"]
[Black "palani, mohnishkirupaa:chesswarriors12"]
[Result "1-0"]
[ICCResult "Black forfeits on time"]
[WhiteElo "1846"]
[BlackElo "1347"]
[Opening "Vienna gambit"]
[ECO "C29"]
[NIC "VG.04"]
[Time "20:28:51"]
[PlyCount "59"]
[TimeControl "180+2"]

1. e4 e5 2. Nc3 Nf6 3. f4 d6 4. Nf3 Nc6 5. Bb5 a6 6. Bxc6+ bxc6 7. fxe5
dxe5 8. O-O Bd6 9. d3 O-O 10. Bg5 Bg4 11. Qe1 Bxf3 12. Rxf3 Be7 13. Qh4 h6
14. Be3 Rb8 15. Qg3 Nh5 16. Qxe5 Nf6 17. b3 Re8 18. Qg3 Bd6 19. Qe1 Ng4 20.
Na4 Bxh2+ 21. Kh1 Be5 22. Rd1 Bd4 23. Bxd4 Qxd4 24. Qg1 Qxg1+ 25. Rxg1 Nf6
26. Rgf1 Re5 27. Rf5 Rxf5 28. Rxf5 Nd7 29. d4 Rb5 30. e5 { Black forfeits
on time } 1-0

[Event "ICC tourney 2541 (3 2)"]
[Site "Internet Chess Club"]
[Date "2021.04.30"]
[Round "3"]
[White "KINGSLEY, PETER F:Saixua"]
[Black "BOYINEPALLY, KIRAN:BoyinK-99"]
[Result "1-0"]
[ICCResult "Black resigns"]
[WhiteElo "1447"]
[BlackElo "1673"]
[Opening "Giuoco Pianissimo"]
[ECO "C55"]
[NIC "IG.01"]
[Time "20:27:57"]
[PlyCount "139"]
[TimeControl "180+2"]

1. e4 e5 2. Nf3 Nc6 3. Bc4 Nf6 4. d3 Bc5 5. O-O O-O 6. Bg5 a6 7. a3 b5 8.
Ba2 h6 9. Bh4 d6 10. c3 Be6 11. d4 Bxa2 12. Rxa2 exd4 13. cxd4 Bb6 14. Nc3
Re8 15. Re1 b4 16. axb4 Nxb4 17. Ra1 a5 18. Qb3 Nd3 19. Re2 Nf4 20. Ree1
Ng6 21. Bg3 Rb8 22. Qa4 Qe7 23. e5 dxe5 24. dxe5 Nd7 25. Nd5 Qc5 26. Qxd7
Rbd8 27. Nxb6 Rxd7 28. Nxd7 Qe7 29. Rad1 Nf8 30. Nxf8 Kxf8 31. Bf4 g5 32.
Be3 Kg7 33. Bd4 Kh7 34. Bc3 a4 35. Rd4 Ra8 36. Red1 c5 37. Rd7 Qe6 38. R1d6
Qb3 39. h3 a3 40. e6 a2 41. Rxf7+ Kg8 42. Rg7+ Kf8 43. e7+ Ke8 44. Rd8+
Rxd8 45. exd8=Q+ Kxd8 46. Ra7 Qd1+ 47. Kh2 a1=Q 48. Bf6+ Kc8 49. Rxa1 Qxa1
50. Bg7 h5 51. Nxg5 Qf1 52. Kg3 c4 53. Nf3 Qd3 54. Bc3 Kd7 55. Kh2 Qe2 56.
Kg3 Ke7 57. Kh4 Qxf2+ 58. Kxh5 Qxg2 59. Ng5 Qe2+ 60. Kh6 Kd7 61. h4 Qe8 62.
h5 Qf8+ 63. Bg7 Qd6+ 64. Kh7 Qe7 65. Kg6 Qd6+ 66. Bf6 Qf8 67. h6 Qg8+ 68.
Bg7 Ke8 69. h7 Qf7+ 70. Nxf7 { Black resigns } 1-0

[Event "ICC tourney 2541 (3 2)"]
[Site "Internet Chess Club"]
[Date "2021.04.30"]
[Round "3"]
[White "GAO, MATTHEW IAN:xcelswimmer"]
[Black "Clark, Dylan:SkywalkerRisen"]
[Result "1-0"]
[ICCResult "Black resigns"]
[WhiteElo "1918"]
[BlackElo "1541"]
[Opening "Grünfeld: 5.Bg5"]
[ECO "D91"]
[NIC "GI.08"]
[Time "20:27:56"]
[PlyCount "105"]
[TimeControl "180+2"]

1. d4 Nf6 2. c4 g6 3. Nc3 d5 4. Nf3 Bg7 5. Bg5 dxc4 6. e3 c6 7. Bxc4 O-O 8.
O-O Nbd7 9. Qe2 b5 10. Bb3 Bb7 11. e4 a5 12. e5 Nd5 13. Nxd5 cxd5 14. Rac1
b4 15. Rfe1 a4 16. Bc2 h6 17. Bh4 Ba6 18. Qe3 Bc4 19. e6 Nf6 20. exf7+ Kh7
21. Ne5 b3 22. Bxg6+ Kh8 23. a3 Qd6 24. Bg5 Ng4 25. Nxg4 Qxg6 26. Nxh6 Bxh6
27. Bxh6 Rxf7 28. Qe5+ Kh7 29. Bf4 Rg8 30. Bg3 Rgg7 31. Re3 Rf5 32. Qe6 Qg5
33. Rce1 Rf6 34. Qh3+ Rh6 35. Qc8 Ba6 36. Qc7 e5 37. Qc1 e4 38. Qd2 Bb7 39.
R3e2 Qg6 40. f3 exf3 41. gxf3 Bc8 42. f4 Bg4 43. Re5 Bf3 44. Qe3 Be4 45.
Rf1 Qg4 46. Rxe4 dxe4 47. Qxe4+ Kh8 48. Qe8+ Rg8 49. Qe5+ Kh7 50. f5 Rxh2
51. Kxh2 Qh5+ 52. Kg2 Qe2+ 53. Qxe2 { Black resigns } 1-0

[Event "ICC tourney 2541 (3 2)"]
[Site "Internet Chess Club"]
[Date "2021.04.30"]
[Round "3"]
[White "Son, Aven Christopher:ason451"]
[Black "CHANG, ANSEL Yiktong:anselc"]
[Result "1-0"]
[ICCResult "Black forfeits on time"]
[WhiteElo "330"]
[BlackElo "933"]
[Opening "Sicilian"]
[ECO "B72"]
[NIC "SI.16"]
[Time "20:28:04"]
[PlyCount "111"]
[TimeControl "180+2"]

1. e4 c5 2. Nf3 d6 3. d4 cxd4 4. Nxd4 g6 5. Be3 Bg7 6. Nc3 Nf6 7. Bb5+ Nbd7
8. Qd3 a6 9. Bc4 b5 10. Bd5 Nxd5 11. exd5 Bb7 12. Nc6 Qc7 13. Qe4 Bxc6 14.
dxc6 Nf6 15. Qf3 Rc8 16. O-O O-O 17. a4 b4 18. Nd5 Nxd5 19. Qxd5 Qxc6 20.
Qxc6 Rxc6 21. Rab1 Rxc2 22. Rfe1 e6 23. b3 Rfc8 24. Red1 d5 25. a5 Ra2 26.
Bb6 Rcc2 27. h3 Be5 28. g3 Bd6 29. Rdc1 Kg7 30. Rd1 Kf6 31. Bd4+ Be5 32.
Bxe5+ Kxe5 33. Re1+ Kd4 34. Rbd1+ Kc5 35. Rc1 Kb5 36. Rxc2 Rxc2 37. Ra1 Kc5
38. Kg2 Kd4 39. Kf3 e5 40. Rd1+ Kc5 41. Re1 Rc3+ 42. Kg4 f6 43. Rb1 d4 44.
h4 h5+ 45. Kh3 d3 46. Kg2 d2 47. Rd1 Rd3 48. Kf1 Kd4 49. Ke2 e4 50. f4 f5
51. Rxd2 Kc3 52. Ra2 Kxb3 53. Ra1 Rc3 54. Rb1+ Kc2 55. Rxb4 e3 56. Rb6 {
Black forfeits on time } 1-0

[Event "ICC tourney 2541 (3 2)"]
[Site "Internet Chess Club"]
[Date "2021.04.30"]
[Round "3"]
[White "LEVIN, EVGENY A:Assured"]
[Black "YE, LUKE SICONG:lukeye"]
[Result "1-0"]
[ICCResult "Black forfeits on time"]
[WhiteElo "2586"]
[BlackElo "2075"]
[Opening "Réti opening"]
[ECO "A04"]
[NIC "QP.10"]
[Time "20:28:03"]
[PlyCount "111"]
[TimeControl "180+2"]

1. Nf3 c5 2. b3 d5 3. e3 Nf6 4. Bb2 e6 5. d4 cxd4 6. exd4 Bd6 7. Nbd2 O-O
8. Bd3 Nc6 9. O-O Nb4 10. Be2 Qc7 11. a3 Nc6 12. Bd3 Ng4 13. g3 f5 14. c4
Nf6 15. b4 a6 16. Rc1 Qb8 17. Qb3 Bd7 18. Rfe1 h6 19. Rc2 Ne7 20. c5 Bc7
21. Ne5 Bxe5 22. Rxe5 Ne4 23. f3 Nc6 24. fxe4 Nxe5 25. dxe5 fxe4 26. Be2
Bb5 27. Bxb5 axb5 28. Rc1 Qd8 29. Qe3 Rf7 30. Rf1 Rxf1+ 31. Kxf1 Qf8+ 32.
Kg2 Qf5 33. Qf4 Rf8 34. Qxf5 Rxf5 35. Bd4 g5 36. g4 Rf4 37. h3 Kg7 38. Be3
Rf8 39. Bd4 Rf4 40. Kg3 Kg6 41. h4 Rf8 42. hxg5 hxg5 43. Be3 Rh8 44. Kg2
Rh4 45. Kg3 Rh1 46. Nb3 Rb1 47. Nd4 Re1 48. Kf2 Ra1 49. Nxb5 Ra2+ 50. Kf1
Kg7 51. Bxg5 Kg6 52. Be3 Kh7 53. Ke1 Kg6 54. Kd1 Kh7 55. Bd2 Ra1+ 56. Kc2 {
Black forfeits on time } 1-0

[Event "ICC tourney 2541 (3 2)"]
[Site "Internet Chess Club"]
[Date "2021.04.30"]
[Round "3"]
[White "SLADE, THEODORE LUKE:MrNormalName"]
[Black "MARKOVIC, GORAN:Goran21"]
[Result "1-0"]
[ICCResult "Black resigns"]
[WhiteElo "2170"]
[BlackElo "1995"]
[Opening "Giuoco Piano"]
[ECO "C50"]
[NIC "IG.02"]
[Time "20:28:51"]
[PlyCount "127"]
[TimeControl "180+2"]

1. e4 e5 2. Nf3 Nc6 3. Bc4 Bc5 4. O-O h6 5. c3 Nge7 6. d4 exd4 7. cxd4 Bb6
8. d5 Nb8 9. d6 cxd6 10. Qxd6 O-O 11. Bxh6 Bc7 12. Qd2 d5 13. Qg5 Ng6 14.
Bxd5 Bf4 15. Qxd8 Rxd8 16. Bxf4 Nxf4 17. Nc3 Nc6 18. Rfd1 Bg4 19. Bxc6 bxc6
20. Rxd8+ Rxd8 21. Rd1 Rb8 22. Rd2 c5 23. Ne5 Be6 24. g3 Nh3+ 25. Kg2 f6
26. Nf3 g5 27. Rd6 Kf7 28. b3 g4 29. Nd2 Ng5 30. Na4 Rc8 31. Nb2 Ke7 32.
Rd3 Nf7 33. Nbc4 Rh8 34. f4 gxf3+ 35. Nxf3 Bh3+ 36. Kf2 Bg4 37. h4 Ra8 38.
e5 Bf5 39. exf6+ Kxf6 40. Rd5 a5 41. Rxc5 a4 42. Ra5 Re8 43. Ra6+ Kg7 44.
Rxa4 Bd3 45. Nd4 Re4 46. Nf5+ Kf6 47. Nfe3 Re8 48. Ra6+ Kg7 49. Ra7 Kg6 50.
Rd7 Nh6 51. Rxd3 Rf8+ 52. Kg2 Ra8 53. Rd6+ Kg7 54. Rd7+ Kf6 55. a4 Nf7 56.
Ng4+ Ke6 57. Rb7 Rd8 58. Rb6+ Kf5 59. Nh6+ Nxh6 60. Rxh6 Rd3 61. Rh5+ Kg6
62. Ne5+ Kxh5 63. Nxd3 Kg4 64. a5 { Black resigns } 1-0

[Event "ICC tourney 2541 (3 2)"]
[Site "Internet Chess Club"]
[Date "2021.04.30"]
[Round "3"]
[White "CARDOSO, CARLOS:cjcardoso"]
[Black "CHAN, MATTHEW M:mmchan"]
[Result "1/2-1/2"]
[ICCResult "Black stalemated"]
[WhiteElo "1468"]
[BlackElo "1891"]
[Opening "Four knights: Scotch, 4...exd4"]
[ECO "C47"]
[NIC "SO.03"]
[Time "20:27:57"]
[PlyCount "149"]
[TimeControl "180+2"]

1. e4 e5 2. Nf3 Nc6 3. Nc3 Nf6 4. d4 exd4 5. Nxd4 Bb4 6. Nxc6 bxc6 7. Bd3
d5 8. exd5 cxd5 9. O-O O-O 10. Bg5 c6 11. h3 h6 12. Bh4 Be7 13. Ne2 Ne4 14.
Bxe7 Qxe7 15. Re1 Nc5 16. Nd4 Qf6 17. Bf1 Bb7 18. c3 Rfe8 19. b4 Ne4 20.
Qc2 a5 21. a3 axb4 22. axb4 Nd6 23. Bd3 g6 24. Rxe8+ Rxe8 25. Qd2 Kg7 26.
Re1 Ra8 27. Qe3 Re8 28. Qd2 Rxe1+ 29. Qxe1 Nc8 30. Qd2 Ne7 31. Kf1 Qd6 32.
g3 c5 33. bxc5 Qxc5 34. Ke2 Bc8 35. h4 Qd6 36. Qe3 Bg4+ 37. Kf1 Qf6 38. Kg2
Nc6 39. Nxc6 Qxc6 40. Qd4+ Kh7 41. Qxg4 Qxc3 42. Be2 d4 43. Bd1 d3 44. Qf3
Kg7 45. Qe3 Qc6+ 46. Kh2 Qd5 47. Qd2 Qd4 48. Bf3 f5 49. Qe3 Qd6 50. Bd1 Kf6
51. Qd2 g5 52. h5 f4 53. Kg2 Qd5+ 54. Bf3 Qd4 55. Qd1 fxg3 56. Kxg3 Qf4+
57. Kg2 Qd4 58. Qd2 Kf5 59. Qe3 Qxe3 60. fxe3 g4 61. Bd1 Ke4 62. Kf2 g3+
63. Kxg3 Kxe3 64. Kg4 Ke4 65. Bf3+ Ke5 66. Bd1 Kf6 67. Bb3 Kg7 68. Kf3 d2
69. Ke2 d1=R 70. Kxd1 Kh8 71. Kd2 Kg7 72. Ke3 Kh8 73. Kf4 Kg7 74. Kf5 Kh8
75. Kg6 { Black stalemated } 1/2-1/2

[Event "ICC tourney 2541 (3 2)"]
[Site "Internet Chess Club"]
[Date "2021.04.30"]
[Round "4"]
[White "CHAN, MATTHEW M:mmchan"]
[Black "HIBBS, ROBERT:BotanicalKnight"]
[Result "1-0"]
[ICCResult "Black resigns"]
[WhiteElo "1891"]
[BlackElo "1381"]
[Opening "Caro-Kann: anti-anti-Caro-Kann defense"]
[ECO "B10"]
[NIC "CK.01"]
[Time "20:40:03"]
[PlyCount "23"]
[TimeControl "180+2"]

1. e4 c6 2. c4 d5 3. exd5 cxd5 4. cxd5 Nf6 5. Nc3 Nxd5 6. Qb3 Nxc3 7. dxc3
Nc6 8. Nf3 e6 9. Bb5 Bd6 10. Bg5 Qb6 11. O-O-O O-O 12. Rxd6 { Black resigns
} 1-0

[Event "ICC tourney 2541 (3 2)"]
[Site "Internet Chess Club"]
[Date "2021.04.30"]
[Round "4"]
[White "YE, LUKE SICONG:lukeye"]
[Black "KALYANRAMAN, NIKHIL:nikhilkalya"]
[Result "1-0"]
[ICCResult "Black resigns"]
[WhiteElo "2075"]
[BlackElo "1890"]
[Opening "French: classical, Steinitz variation"]
[ECO "C14"]
[NIC "FR.06"]
[Time "20:40:14"]
[PlyCount "25"]
[TimeControl "180+2"]

1. e4 e6 2. d4 d5 3. Nc3 Nf6 4. Bg5 Be7 5. e5 Nfd7 6. Bxe7 Qxe7 7. f4 c5 8.
Nb5 Nb6 9. Nd6+ Kf8 10. dxc5 Nc4 11. Bxc4 dxc4 12. Nxc8 Nd7 13. Nxe7 {
Black resigns } 1-0

[Event "ICC tourney 2541 (3 2)"]
[Site "Internet Chess Club"]
[Date "2021.04.30"]
[Round "4"]
[White "Clark, Dylan:SkywalkerRisen"]
[Black "Lopez, Santiago Ernesto:Oyant"]
[Result "0-1"]
[ICCResult "White resigns"]
[WhiteElo "1541"]
[BlackElo "1357"]
[Opening "Petrov's defense"]
[ECO "C42"]
[NIC "RG.01"]
[Time "20:39:56"]
[PlyCount "36"]
[TimeControl "180+2"]

1. e4 e5 2. Nf3 Nf6 3. d3 Nc6 4. Be2 Bc5 5. h3 O-O 6. c3 d5 7. exd5 Nxd5 8.
b4 Bb6 9. b5 Nce7 10. c4 Nf4 11. Bxf4 exf4 12. Nbd2 Bf5 13. Nb3 Re8 14. c5
Nd5 15. cxb6 Nc3 16. Qd2 Rxe2+ 17. Qxe2 Nxe2 18. Kxe2 Qxd3+ { White resigns
} 0-1

[Event "ICC tourney 2541 (3 2)"]
[Site "Internet Chess Club"]
[Date "2021.04.30"]
[Round "4"]
[White "KINGSLEY, PETER F:Saixua"]
[Black "CARDOSO, CARLOS:cjcardoso"]
[Result "1-0"]
[ICCResult "Black resigns"]
[WhiteElo "1447"]
[BlackElo "1468"]
[Opening "Caro-Kann: classical, 7...Nd7"]
[ECO "B19"]
[NIC "CK.01"]
[Time "20:39:50"]
[PlyCount "51"]
[TimeControl "180+2"]

1. e4 c6 2. Nf3 d5 3. Nc3 dxe4 4. Nxe4 Bf5 5. Ng3 Bg6 6. h4 h6 7. d4 Nd7 8.
Bd3 Bxd3 9. Qxd3 e6 10. c3 Ngf6 11. Bf4 Be7 12. b4 a5 13. b5 c5 14. O-O
cxd4 15. Nxd4 Nd5 16. Bd2 Nc5 17. Qf3 Bxh4 18. Nh5 g6 19. Ng3 Kf8 20. Rad1
Kg7 21. c4 Ne7 22. Nxe6+ fxe6 23. Bxh6+ Kxh6 24. Rxd8 Raxd8 25. Qe3+ Bg5
26. Qxc5 { Black resigns } 1-0

[Event "ICC tourney 2541 (3 2)"]
[Site "Internet Chess Club"]
[Date "2021.04.30"]
[Round "4"]
[White "Zimmerman, Kevin:blackjack721"]
[Black "YU, AVERY:Averyyu321"]
[Result "1-0"]
[ICCResult "Black checkmated"]
[WhiteElo "1359"]
[BlackElo "1671"]
[Opening "Sicilian"]
[ECO "B50"]
[NIC "SI.01"]
[Time "20:39:51"]
[PlyCount "65"]
[TimeControl "180+2"]

1. e4 c5 2. Nf3 d6 3. Nc3 Nf6 4. d4 cxd4 5. Qxd4 Nc6 6. Qa4 g6 7. Bf4 Bg7
8. O-O-O Bd7 9. Nd5 Nxd5 10. exd5 Ne5 11. Qe4 Nxf3 12. gxf3 O-O 13. h4 Bf5
14. Qe3 Rc8 15. Bd3 Bxd3 16. Rxd3 Qc7 17. c3 b5 18. a3 a5 19. Bh6 b4 20.
axb4 axb4 21. Bxg7 Kxg7 22. h5 bxc3 23. Rxc3 Qa5 24. hxg6 Qa1+ 25. Kc2
Rxc3+ 26. Qxc3+ Kxg6 27. Rxa1 f6 28. Rg1+ Kf7 29. f4 h5 30. Qe3 Rc8+ 31.
Kd2 Rg8 32. Qe6+ Ke8 33. Rxg8# { Black checkmated } 1-0

[Event "ICC tourney 2541 (3 2)"]
[Site "Internet Chess Club"]
[Date "2021.04.30"]
[Round "4"]
[White "ZILBERMINTZ, LEV:chessrex"]
[Black "Son, Aven Christopher:ason451"]
[Result "1-0"]
[ICCResult "Black checkmated"]
[WhiteElo "1855"]
[BlackElo "330"]
[Opening "French: Paulsen variation"]
[ECO "C10"]
[NIC "FR.04"]
[Time "20:39:53"]
[PlyCount "103"]
[TimeControl "180+2"]

1. d4 e6 2. e4 d5 3. Nc3 Nc6 4. Be3 Bb4 5. a3 Bxc3+ 6. bxc3 Nf6 7. e5 Ne4
8. Qd3 f6 9. f3 Ng5 10. Bxg5 fxg5 11. Nh3 Qe7 12. Be2 Bd7 13. O-O Na5 14.
Qd2 Nc4 15. Bxc4 dxc4 16. Nxg5 h6 17. Ne4 Bc6 18. Qe2 O-O-O 19. Qxc4 Bd5
20. Qb4 Qh4 21. Rae1 g5 22. Nf6 g4 23. fxg4 Rdf8 24. Rb1 b6 25. Nxd5 Rxf1+
26. Rxf1 exd5 27. Rf8+ Rxf8 28. Qxf8+ Kb7 29. Qf2 Qxg4 30. Qf3 Qe6 31. Qf6
Qg4 32. Qf3 Qe6 33. h3 Qc6 34. Qe3 Qe6 35. g4 Kc6 36. Qf4 b5 37. Qf5 Qxf5
38. gxf5 Kd7 39. Kf2 Ke7 40. Ke2 a5 41. Kf3 b4 42. cxb4 axb4 43. axb4 Kf7
44. Kg4 Kg7 45. Kh5 c6 46. f6+ Kf7 47. Kxh6 Kg8 48. Kg6 Kf8 49. e6 Ke8 50.
f7+ Kf8 51. Kf6 c5 52. e7# { Black checkmated } 1-0

[Event "ICC tourney 2541 (3 2)"]
[Site "Internet Chess Club"]
[Date "2021.04.30"]
[Round "4"]
[White "BOYINEPALLY, KIRAN:BoyinK-99"]
[Black "ZENG, CALEB:calebzeng"]
[Result "1-0"]
[ICCResult "Black resigns"]
[WhiteElo "1673"]
[BlackElo "805"]
[Opening "QGD: Ragozin variation"]
[ECO "D38"]
[NIC "NI.27"]
[Time "20:39:52"]
[PlyCount "57"]
[TimeControl "180+2"]

1. d4 d5 2. Nf3 Nf6 3. c4 e6 4. Nc3 Bb4 5. Bd2 Bxc3 6. Bxc3 Nc6 7. cxd5
Nxd5 8. e3 Bd7 9. Bd3 a6 10. O-O f5 11. Rc1 O-O 12. Bc4 Nxc3 13. bxc3 Re8
14. Qd3 b5 15. Bb3 h6 16. Rfd1 Na5 17. d5 Nxb3 18. axb3 e5 19. Qc2 e4 20.
Nd4 Qf6 21. c4 c6 22. dxc6 Bxc6 23. Nxc6 Qxc6 24. c5 Rec8 25. Rd6 Qxd6 26.
cxd6 Rxc2 27. Rxc2 Kf8 28. d7 Ke7 29. Rc8 { Black resigns } 1-0

[Event "ICC tourney 2541 (3 2)"]
[Site "Internet Chess Club"]
[Date "2021.04.30"]
[Round "4"]
[White "MARKOVIC, GORAN:Goran21"]
[Black "BERKLEY, DARRIN K:drberkley"]
[Result "1-0"]
[ICCResult "Black checkmated"]
[WhiteElo "1995"]
[BlackElo "1846"]
[Opening "English opening"]
[ECO "A16"]
[NIC "EO.64"]
[Time "20:40:43"]
[PlyCount "85"]
[TimeControl "180+2"]

1. c4 Nf6 2. Nc3 g6 3. g3 Bg7 4. Bg2 d6 5. Nf3 O-O 6. O-O e5 7. d3 Nc6 8.
e4 Bg4 9. h3 Bd7 10. Nh4 Nd4 11. Ne2 c5 12. Nxd4 cxd4 13. f4 Nh5 14. Qe1
Bf6 15. f5 Nxg3 16. Nxg6 fxg6 17. Qxg3 Bh4 18. Qg4 Kh8 19. Bh6 Rg8 20. Qf3
gxf5 21. Kh1 Qf6 22. Bd2 Rg3 23. Qh5 Rag8 24. Be1 Be8 25. Qxf5 Qxf5 26.
Rxf5 Rxg2 27. Bxh4 h6 28. Rf6 Kh7 29. Raf1 Rxb2 30. Re6 Rgg2 31. Re7+ Kg6
32. Rg1 Rxg1+ 33. Kxg1 Ba4 34. Re6+ Kh5 35. Bf6 Rxa2 36. Bg7 Kg5 37. Bxh6+
Kh5 38. Rxd6 Ra1+ 39. Kf2 Ra2+ 40. Kg3 Bd1 41. Bg7 a5 42. Rh6+ Kg5 43. h4#
{ Black checkmated } 1-0

[Event "ICC tourney 2541 (3 2)"]
[Site "Internet Chess Club"]
[Date "2021.04.30"]
[Round "4"]
[White "ERARD, ERIC CHRISTIAN:eric-erard"]
[Black "SCHENK, SAM:SupaHotFiya"]
[Result "1-0"]
[ICCResult "Black resigns"]
[WhiteElo "1695"]
[BlackElo "1950"]
[Opening "Robatsch (modern) defense"]
[ECO "B06"]
[NIC "KF.06"]
[Time "20:39:47"]
[PlyCount "117"]
[TimeControl "180+2"]

1. e4 g6 2. Nf3 Bg7 3. Bc4 d6 4. O-O Nf6 5. Re1 O-O 6. d4 Nxe4 7. Rxe4 d5
8. Bxd5 Qxd5 9. Nc3 Qh5 10. Rxe7 Nc6 11. Re1 Bg4 12. Be3 Bxf3 13. Qxf3 Qxf3
14. gxf3 Bxd4 15. Bxd4 Nxd4 16. Re7 Rac8 17. Rc1 Nxf3+ 18. Kg2 Nh4+ 19. Kh3
Nf5 20. Ree1 Rfe8 21. Nd5 Kg7 22. Rxe8 Rxe8 23. Nxc7 Re2 24. f4 Ne3 25. Nb5
a6 26. Nd6 b5 27. Nb7 Rxc2 28. Rxc2 Nxc2 29. Nc5 a5 30. Kg3 Kf6 31. Kf3 Kf5
32. Na6 Nb4 33. Nc7 Nxa2 34. Nxb5 Nb4 35. Nd6+ Kf6 36. Nc4 Nd3 37. b3 Kf5
38. Nxa5 Nxf4 39. b4 Nd5 40. b5 g5 41. Nc4 h5 42. b6 Ne7 43. Na5 g4+ 44.
Kg2 Kg5 45. b7 f5 46. b8=Q Ng6 47. Qd8+ Kf4 48. Nc4 h4 49. Qd2+ Ke4 50.
Nd6+ Ke5 51. Nf7+ Kf6 52. Nd8 f4 53. Qd6+ Kf5 54. Qe6+ Kg5 55. Nf7+ Kh5 56.
Qd5+ Ne5 57. Qxe5+ Kg6 58. Nh8+ Kh7 59. Qxf4 { Black resigns } 1-0

[Event "ICC tourney 2541 (3 2)"]
[Site "Internet Chess Club"]
[Date "2021.04.30"]
[Round "4"]
[White "FEHD, JODIE LYNN:spaceegg"]
[Black "ZHOU, VANESSA G:vanessa4play"]
[Result "0-1"]
[ICCResult "White forfeits on time"]
[WhiteElo "1186"]
[BlackElo "1352"]
[Opening "French: advance, Paulsen attack"]
[ECO "C02"]
[NIC "FR.03"]
[Time "20:39:50"]
[PlyCount "70"]
[TimeControl "180+2"]

1. e4 e6 2. d4 d5 3. e5 c5 4. c3 Nc6 5. Nf3 Qb6 6. a3 c4 7. Nbd2 Na5 8. Ng5
Qc7 9. Qf3 Nh6 10. Nb1 Nb3 11. Nh3 Nxa1 12. Bxh6 gxh6 13. Nd2 Bd7 14. Qf6
Rg8 15. Nf3 Qd8 16. Qf4 Qe7 17. Be2 O-O-O 18. O-O Nb3 19. Bd1 Na5 20. b4
cxb3 21. Bxb3 Nxb3 22. Rb1 Na5 23. Nd2 Bg7 24. c4 dxc4 25. Rc1 f6 26. d5
fxe5 27. Qe4 exd5 28. Qf3 Bc6 29. Qg4+ Qd7 30. Qf3 Kb8 31. Qc3 b6 32. Nf3
e4 33. Ne5 Bxe5 34. Qxe5+ Ka8 35. Nf4 Rde8 { White forfeits on time } 0-1